 Dungeon Crawl Stone Soup version 0.30.0-29-ga12c61a403 (webtiles) character file.

Game seed: 3933841968212981230

64 cheesebisquit the Ruffian (level 3, 0/36 HPs)
             Began as a Troll Fighter on June 12, 2023.
             Slain by a gnoll
             ... wielding a +0 spear
              (5 damage)
             ... on level 2 of the Dungeon.
             The game lasted 00:04:47 (762 turns).

cheesebisquit the Ruffian (Troll Fighter)            Turns: 762, Time: 00:04:48

Health: 0/36       AC:  4    Str: 24    XL:     3   Next: 91%
Magic:  2/2        EV:  8    Int:  6    God:
Gold:   40         SH:  7    Dex:  9    Spells: 2/2 levels left

rFire   . .          .
                       - Unarmed
rCold   . . .        b - +0 kite shield
rNeg    . . .        a - +0 robe
rPois   .            (helmet restricted)
rElec   .            (no cloak)
rCorr   .            (gloves unavailable)
SInv    .            (boots unavailable)
Will    .....        (no amulet)
Stlth   +            (no ring)
HPRegen 1.06/turn    (no ring)
MPRegen 0.08/turn

%: no passive effects
@: mighty
A: large, unfitting armour, claws 3, regeneration 1, shaggy fur 1, tough skin 1
a: no special abilities


You were on level 2 of the Dungeon.
You visited 1 branch of the dungeon, and saw 2 of its levels.

You collected 40 gold pieces.

Inventory:

Missiles
 l - 4 poisoned darts (quivered)
Armour
 a - a +0 robe (worn)
 b - a +0 kite shield (worn)
Scrolls
 f - 2 scrolls of teleportation {unknown}
 g - 3 scrolls of identify {unknown}
 i - a scroll of enchant armour {unknown}
 k - a scroll of noise {unknown}
Potions
 d - a potion of invisibility {unknown}
 e - 2 potions of curing {unknown}
 h - 2 potions of heal wounds {unknown}
 j - a potion of degeneration {unknown}


   Skills:
 + Level 2.9 Fighting
 - Level 2.4 Dodging
 + Level 3.1 Shields
 * Level 3.3 Unarmed Combat


You had 2 spell levels left.
You didn't know any spells.
Your spell library was empty.

Dungeon Overview and Level Annotations

Branches:
Dungeon (2/15)

Altars:


Innate Abilities, Weirdness & Mutations

You are too large for most types of armour.
You have claws for hands.
Your natural rate of healing is unusually fast.
You are covered in fur. (AC +1)
You have tough skin. (AC +1)


Message History

The giant cockroach barely misses you.
You claw the giant cockroach!
You kill the giant cockroach!
A frilled lizard comes into view.
The frilled lizard hisses angrily.
The frilled lizard closely misses you.
You barely miss the frilled lizard. The frilled lizard closely misses you.
You scratch the frilled lizard.
You kill the frilled lizard!
l - 4 poisoned darts 3 gnolls come into view.
The gnoll shouts! x2
The gnoll hits you with a +0 spear.
You scratch the gnoll but do no damage. You completely miss the gnoll.
The gnoll hits you from afar with a +0 spear.
You claw the gnoll!
The gnoll is severely wounded.
The gnoll hits you from afar with a +0 spear!
The gnoll closely misses you.
The gnoll hits you from afar with a +0 spear.
You barely miss the gnoll.
The gnoll is severely wounded.
You block the gnoll's attack. The gnoll completely misses you.
The gnoll hits you from afar with a +0 spear!
You scratch the gnoll.
You kill the gnoll!
The gnoll barely misses you.
The gnoll hits you from afar with a +0 spear.
The gnoll hits you with a +0 spear. The gnoll hits you with a +0 spear!
* * * LOW HITPOINT WARNING * * *
Things that are here:
a +0 flail; a gnoll corpse You scratch the gnoll.
The gnoll is heavily wounded.
You block the gnoll's attack. The gnoll barely misses you.
Okay, then.
You feel very mighty all of a sudden. The gnoll hits you with a +0 spear.
You die...

#.##..........# ..
#.##...#.#..#.# [#
#.##..#...#.#.# .#
#.##..##.##.#.##.#####
#.##..##.##.#.........
#.##.....>.......#
#...........###..#
#####.##.######†.##
#@##.# #.....#
#.gg#.####.###.#
##.##......# .#
#.##.####.###.# #.##.#
#.>...# #.##.# ###..##
#.##.#####...#
#.#.........##
#.#..#####.##


You could see 2 gnolls.

Vanquished Creatures
  An adder (D:2)
  A gnoll (D:2)
  9 endoplasms
  5 giant cockroaches
  3 goblins (D:1)
  3 hobgoblins (D:1)
  4 jackals (D:1)
  2 quokkas
  2 bats (D:1)
  4 frilled lizards
  3 kobolds (D:1)
  3 rats (D:1)
40 creatures vanquished.

Notes
Turn   | Place    | Note
-------+----------+-------------------------------------------
     0 | D:1      | cheesebisquit the Troll Fighter began the quest for the
                  | Orb.
     0 | D:1      | Reached XP level 1. HP: 22/22 MP: 0/0
    96 | D:1      | Reached XP level 2. HP: 22/29 MP: 1/1
   420 | D:1      | Reached XP level 3. HP: 36/36 MP: 2/2
   762 | D:2      | Slain by a gnoll

Illustrated notes

Levels and vault maps discovered:
D:1:      dpeg_arrival_windows_large_door, layout_basic,
          minmay_misc_feat_hallway, nrook_mini_vaults,
          minmay_misc_feat_four_crosses
D:2:      layout_loops_ring, hellmonk_ecumenical_altar_heavens_door,
          kennysheep_nondescript

Skill      XL: |  1  2  3 |
---------------+----------+-----
Shields        | 3 |  3.1
Unarmed Combat | 3 |  3.3
Fighting       | |  2.9
Dodging        | |  2.4

Action                     || total
---------------------------++-------
  Melee: Unarmed           ||   111
    Use: Potion            ||     1
 Armour: Robe              ||    36
  Dodge: Dodged            ||    36
  Block: Kite shield       ||    41
